 Dungeon Crawl Stone Soup version 0.31-a0-175-g9f7f995f2b (webtiles) character file.

Game seed: 7682011968785916674

35 qw the Chopper (level 3, -2/23 HPs)
             Began as a Gargoyle Fighter on June 16, 2023.
             Slain by a cerulean imp
             ... wielding a +2 spear
             ... summoned by Natasha
              (3 damage)
             ... on level 2 of the Dungeon.
             The game lasted 00:00:34 (1087 turns).

qw the Chopper (Gargoyle Fighter)                   Turns: 1087, Time: 00:00:35

Health: -2/23      AC: 13    Str: 21    XL:     3   Next: 35%
Magic:  3/3        EV:  7    Int:  8    God:
Gold:   44         SH:  4    Dex:  9    Spells: 2/2 levels left

rFire   . . .        Y - +0 war axe
rCold   . . .        c - +0 buckler
rNeg    + . .        e - +0 chain mail
rPois   inf          (no helmet)
rElec   +            (no cloak)
rCorr   .            (no gloves)
SInv    .            l - +0 pair of boots
Will    .....        (no amulet) Stlth
                     (no ring)
HPRegen 0.23/turn    (no ring)
MPRegen 0.08/turn

%: no passive effects
@: no status effects
A: sickness immunity, AC +3, negative energy resistance 1, electricity
resistance, torment resistance 1, petrification resistance
a: no special abilities


You were on level 2 of the Dungeon.
You visited 1 branch of the dungeon, and saw 2 of its levels.

You collected 44 gold pieces.


Innate Abilities, Weirdness & Mutations

You are immune to sickness and miasma.
Your stone body is resilient. (AC +3)
You are immune to poison.
You resist negative energy. (rN+)
You are resistant to electric shocks. (rElec)
You are resistant to unholy torment.
You are immune to petrification.


   Skills:
 - Level 3.2 Fighting
 + Level 3.3 Axes
 - Level 3.2 Armour
 - Level 3.2 Shields


You had 2 spell levels left.
You didn't know any spells.
Your spell library was empty.

Inventory:

Hand Weapons
 f - a +0 club
 Y - a +0 war axe (weapon)
Armour
 a - a +2 pair of gloves
 b - a scarf of shadows
 c - a +0 buckler (worn)
 e - a +0 chain mail (worn)
 l - a +0 pair of boots (worn)
Jewellery
 n - a ring of fire
Scrolls
 m - a scroll of identify
Potions
 d - a potion of might
 i - a potion of attraction {unknown}

Dungeon Overview and Level Annotations

Branches:
Dungeon (2/15)

Altars:

Annotations:
D:2 Natasha


Message History

b - a scarf of shadows
Found a stone staircase leading down.
Found a stone staircase leading up.
Natasha and a giant cockroach come into view.
Natasha hisses angrily.
There is a stone staircase leading up here.
A frilled lizard comes into view.
The frilled lizard hisses angrily.
You slash the giant cockroach!
You kill the giant cockroach!
A bat comes into view.
You closely miss Natasha. Natasha claws you but does no damage.
Natasha claws you.
You slash Natasha!
Natasha is almost dead.
Natasha claws you.
You closely miss Natasha.
Natasha is almost dead.
Natasha extends her claws.
Natasha claws you.
Natasha mumbles some strange words.
Natasha glows brightly for a moment.
Natasha closely misses you.
You hit Natasha but do no damage.
Natasha is almost dead.
Natasha claws you!
A bat comes into view.
You closely miss Natasha.
Natasha is almost dead.
Natasha claws you.
You closely miss Natasha.
Natasha is almost dead.
Natasha claws you.
Natasha casts a spell.
You barely miss Natasha.
Natasha is almost dead.
You closely miss the cerulean imp. Natasha claws you but does no damage.
The cerulean imp hits you with a +2 spear.
You die...

# #.# #
#.### #
#...#
##
###.#
.#
#####.#
.#
#.....#
.#
#.#####
.# #5#
.# #@#
.# #h#
.#


lb# .# ##b. .# ..# .# ..# .# ... .# .... .# You could see Natasha, a cerulean
imp (summoned), 2 bats and a frilled lizard.

Vanquished Creatures
  A dart slug (D:1)
  5 endoplasms (D:1)
  2 giant cockroaches
  4 goblins
  2 hobgoblins (D:1)
  4 kobolds
  3 quokkas
  3 ball pythons (D:1)
  A bat (D:1)
  A frilled lizard (D:1)
  3 rats (D:1)
29 creatures vanquished.

Notes
Turn   | Place    | Note
-------+----------+-------------------------------------------
     0 | D:1      | qw the Gargoyle Fighter began the quest for the Orb.
     0 | D:1      | Reached XP level 1. HP: 14/14 MP: 1/1
     0 | D:1      | 0 ||| qw: Version: 0.2-a-29-g511e9b1
     0 | D:1      | 0 ||| qw: Game counter: 5707
     0 | D:1      | 0 ||| qw: Always use a shield: true
     0 | D:1      | 0 ||| qw: God list: Okawaru
     0 | D:1      | 0 ||| qw: Allow faded altars: false
     0 | D:1      | 0 ||| qw: Do Orc after D:15 true
     0 | D:1      | 0 ||| qw: Do second Lair branch before Depths: true
     0 | D:1      | 0 ||| qw: Lair rune preference: random
     0 | D:1      | 0 ||| qw: Plans: Normal, Zot:1-4, Slime:5, God:TSO, Crypt,
                  | Tomb, Abyss, Pan, Hells, Win
     0 | D:1      | 0 ||| PLANNING D:1-11
    36 | D:1      | 36 ||| Stepping ~*~*~tactically~*~*~ (hiding).
    55 | D:1      | 55 ||| Stepping ~*~*~tactically~*~*~ (stealth).
   137 | D:1      | 137 ||| Stepping ~*~*~tactically~*~*~ (stealth).
   138 | D:1      | 138 ||| Stepping ~*~*~tactically~*~*~ (stealth).
   146 | D:1      | Reached XP level 2. HP: 19/19 MP: 2/2
   147 | D:1      | 147 ||| Stepping ~*~*~tactically~*~*~ (stealth).
   282 | D:1      | Reached skill level 3 in Axes
   385 | D:1      | Reached XP level 3. HP: 20/23 MP: 3/3
   456 | D:1      | 456 ||| Stepping ~*~*~tactically~*~*~ (hiding).
   906 | D:1      | 906 ||| UPGRADING to +0 chain mail.
   916 | D:1      | 916 ||| DROPPING +0 scale mail.
   917 | D:1      | 917 ||| UPGRADING to +0 pair of boots.
   922 | D:1      | 922 ||| READING scroll labelled NEUFFY VOWK.
   923 | D:1      | 923 ||| READING scroll labelled CICKIE HUMUSYO.
   927 | D:1      | 927 ||| READING scroll labelled ZUTIKHIARE.
   928 | D:1      | 928 ||| READING scroll labelled JUODUST OCWI.
   929 | D:1      | 929 ||| READING 2 scrolls labelled FINNUE FOUTZ.
  1077 | D:2      | Noticed Natasha
  1084 | D:2      | HP: 2/23 [Natasha (7)]
  1087 | D:2      | Slain by a cerulean imp

Levels and vault maps discovered:
D:1:      scummos_arrival_gate, layout_basic
D:2:      layout_loops_ring, hangedman_decor_lopped, uniq_natasha

Skill      XL: |  1  2 |
---------------+-------+-----
Axes           | 2 3 |  3.3
Fighting       | |  3.2
Armour         | |  3.2
Shields        | |  3.2

Action                     || total
---------------------------++-------
  Melee: War axe           ||    80
    Use: Scroll            ||     5
 Armour: Scale mail        ||    27
         Chain mail        ||    13
  Dodge: Dodged            ||    23
  Block: Buckler           ||    12

Table legend:
 A = Non-vault XP
 B = Vault XP
 C = Vault XP percentage of total XP
 D = Non-vault monster count
 E = Vault monster count
 F = Vault count percentage of total count
                 A         B        C        D         E       F
            +---------+---------+-------+---------+---------+-------
      Total |      51 |       0 |   0.0 |      29 |       0 |   0.0
            +---------+---------+-------+---------+---------+-------
        D:1 |      44 |       0 |   0.0 |      25 |       0 |   0.0
        D:2 |       7 |       0 |   0.0 |       4 |       0 |   0.0
            +---------+---------+-------+---------+---------+-------
